 Dungeon Crawl Stone Soup version 0.25-a0-265-g7af84ae0ac (webtiles) character file.

Game seed: 15580483855800725420, levelgen mode: classic

187 Borgoz the Shield-Bearer (level 5, -5/33 HPs)
             Began as a Gargoyle Fighter on Dec 8, 2019.
             Slain by Grinder (7 damage)
             ... while paralysed by Grinder
             ... on level 3 of the Dungeon.
             The game lasted 00:03:02 (2025 turns).

Borgoz the Shield-Bearer (Gargoyle Fighter)         Turns: 2025, Time: 00:03:03

Health: -5/33      AC: 13    Str: 20    XL:     5   Next: 66%
Magic:  5/5        EV:  2    Int:  9    God:
Gold:   98         SH:  0    Dex:  9    Spells: 4/4 levels left

rFire    . . .     SeeInvis .   a - +0 flail
rCold    . . .     Gourm    .   c - +0 shield
rNeg     + . .     Faith    .   b - +0 scale mail
rPois    ∞         Spirit   .   (no helmet)
rElec    +         Reflect  .   s - +0 cloak
rCorr    .         Harm     .   (no gloves)
MR       .....                  r - +0 pair of boots
Stlth    +.........             (no amulet)
HPRegen  0.11/turn              h - ring of stealth
MPRegen  0.09/turn              (no ring)

@: paralysed
A: negative energy resistance 1, electricity resistance, unbreathing,
petrification resistance, rot immunity, AC +4
a: no special abilities


You were on level 3 of the Dungeon.
You were not hungry.

You visited 1 branch of the dungeon, and saw 3 of its levels.

You collected 98 gold pieces.

Inventory:

Hand Weapons
 a - a +0 flail (weapon)
Armour
 b - a +0 scale mail (worn)
 c - a +0 shield (worn)
 r - a +0 pair of boots (worn)
 s - a +0 cloak (worn)
Jewellery
 h - a ring of stealth (left hand)
 p - an uncursed ring of fire
Scrolls
 e - 2 scrolls of identify {unknown}
 j - a scroll of magic mapping {unknown}
 l - a scroll of remove curse {unknown}
 m - 2 scrolls of immolation {unknown}
 t - a scroll of teleportation {unknown}
 u - a scroll of enchant weapon {unknown}
Potions
 d - 2 potions of might
 g - a potion of curing {unknown}
 i - a potion of degeneration {unknown}
 k - a potion of heal wounds {unknown}
 n - a potion of lignification {unknown}
 o - a potion of resistance {unknown}
Comestibles
 f - 6 rations
 q - 2 chunks of flesh


   Skills:
 + Level 4.1 Fighting
 * Level 3.6 Maces & Flails
 + Level 4.0 Armour
 + Level 1.4 Dodging
 + Level 4.1 Shields


You had 4 spell levels left.
You didn't know any spells.
Your spell library contained the following spells:

 Spells                   Type           Power        Failure   Level  Hunger
 Animate Skeleton         Necr           N/A          99%         1    ##.....
 Pain                     Necr           #...         99%         1    ##.....
 Regeneration             Chrm/Necr      #.........   100%        3    ####...
 Vampiric Draining        Necr           #.........   100%        3    ####...
 Animate Dead             Necr           N/A          100%        4    #####..


Dungeon Overview and Level Annotations

Branches:
Dungeon (3/15)

Altars:
Gozag

Annotations:
D:3 Grinder


Innate Abilities, Weirdness & Mutations

You are resistant to torment.
Your stone body is resilient. (AC +4)
You are immune to poison.
You resist negative energy. (rN+)
You are resistant to electric shocks. (rElec)
You can survive without breathing.
You are immune to petrification.
You are immune to rotting.


Message History

Grinder gestures at you.
You barely resist.
Grinder blinks!
Grinder says, "There's only one good use for a tongue: cutting it out."
You block Grinder's attack.
You barely miss Grinder.
Grinder is almost dead.
Grinder gestures at you.
You suddenly lose the ability to move!
Grinder gestures at you. Pain shoots through your body!
Grinder gestures at you. Pain shoots through your body!
* * * LOW HITPOINT WARNING * * *
Grinder hits you.
* * * LOW HITPOINT WARNING * * *
You writhe in agony.
* * * LOW HITPOINT WARNING * * *
Grinder hits you!
You die...

###
..############
.............#
..##########.#
### #.#
######.#####
>...........#
##
#######.###.#
.# #.# #@# .#
#.# #5# .# #.#
#.# .###.# #.#
#.# .....# #..
#.# >##### ##
#.# .# #.#.#
.## #.#.# ...
####.#.#


You could see Grinder.

Vanquished Creatures
  An orc wizard (D:2)
  Jessica (D:3)
  Natasha (D:2)
  Terence (D:2)
  An adder (D:3)
  An ooze (D:2)
  3 worms
  A dart slug (D:2)
  A leopard gecko (D:2)
  3 orcs
  A giant cockroach (D:1)
  6 goblins
  5 hobgoblins
  4 jackals (D:3)
  A quokka (D:2)
  9 bats
  4 frilled lizards
  9 kobolds
  7 rats
60 creatures vanquished.

Notes
Turn   | Place    | Note
-------+----------+-------------------------------------------
     0 | D:1      | Borgoz the Gargoyle Fighter began the quest for the Orb.
     0 | D:1      | Reached XP level 1. HP: 14/14 MP: 1/1
   139 | D:1      | Reached XP level 2. HP: 13/19 MP: 2/2
   613 | D:2      | Noticed Terence
   620 | D:2      | Killed Terence
   620 | D:2      | Reached XP level 3. HP: 13/23 MP: 3/3
  1007 | D:2      | Noticed Natasha
  1026 | D:2      | Killed Natasha
  1026 | D:2      | Reached skill level 1 in Dodging
  1026 | D:2      | Reached XP level 4. HP: 20/29 MP: 4/4
  1032 | D:2      | Found an opulent altar of Gozag.
  1592 | D:2      | Reached XP level 5. HP: 31/33 MP: 5/5
  1855 | D:3      | Noticed Jessica
  1861 | D:3      | Killed Jessica
  2000 | D:3      | Noticed Grinder
  2003 | D:3      | Paralysed by Grinder for 4 turns
  2013 | D:3      | Paralysed by Grinder for 3 turns
  2021 | D:3      | Paralysed by Grinder for 5 turns
  2025 | D:3      | Slain by Grinder

Levels and vault maps discovered:
D:1:      tarquinn_simple_flora_water_d, layout_basic
D:2:      layout_basic, nicolae_gozag_seed_capital, uniq_terence, uniq_natasha
D:3:      layout_loops_ring, trog_hazing_becter, uniq_jessica, uniq_grinder

Skill      XL: |  1  2  3  4  5 |
---------------+----------------+-----
Maces & Flails | 3 |  3.6
Dodging        | 1 |  1.4
Shields        | 4 |  4.1
Fighting       | 4 |  4.1
Armour         | 4 |  4.0

Action                   |  1- 3 |  4- 6 || total
-------------------------+-------+-------++-------
Melee: Flail             |   132 |   153 ||   285
  Eat: Chunk             |     1 |     3 ||     4
Armor: Scale mail        |    63 |   103 ||   166
Dodge: Dodged            |    37 |    73 ||   110
Block: Shield            |    68 |    77 ||   145

Table legend:
 A = Non-vault XP
 B = Vault XP
 C = Vault XP percentage of total XP
 D = Non-vault monster count
 E = Vault monster count
 F = Vault count percentage of total count
                 A         B        C        D         E       F
            +---------+---------+-------+---------+---------+-------
      Total |     159 |     109 |  40.7 |      57 |       3 |   5.0
            +---------+---------+-------+---------+---------+-------
        D:1 |      17 |       0 |   0.0 |      13 |       0 |   0.0
        D:2 |      94 |      72 |  43.4 |      26 |       2 |   7.1
        D:3 |      48 |      37 |  43.5 |      18 |       1 |   5.3
            +---------+---------+-------+---------+---------+-------
